 Dungeon Crawl Stone Soup version 0.30-a0-394-g3e4acdb0ae (webtiles) character file.

Game seed: 6795059863289159650

20286 qeuew the Cleaver (level 12, -12/112 HPs)
             Began as a Hill Orc Fighter on Dec 6, 2022.
             Was an Elder of Trog.
             Engulfed by an ice statue's freezing vapour (26 damage)
             ... on level 2 of the Lair of Beasts.
             The game lasted 00:23:25 (9718 turns).

qeuew the Cleaver (Hill Orc Fighter)                Turns: 9718, Time: 00:23:26

Health: -12/112    AC: 10    Str: 25    XL:     12   Next: 77%
Magic:  12/12      EV: 10    Int:  8    God:    Trog [****..]
Gold:   892        SH: 17    Dex: 14    Spells: 11/11 levels left

rFire   + . .      SeeInvis +    l - +9 broad axe of Arrival {distort, *Noise Str+3 Dex+2 SInv}
rCold   . . .      Faith    .    E - +0 kite shield
rNeg    . . .      Spirit   .    B - +0 troll leather armour
rPois   .          Reflect  +    (no helmet)
rElec   .          Harm     .    k - scarf {+Inv}
rCorr   .          Rampage  .    (no gloves)
Will    .....                    (no boots)
Stlth   +.........               g - amulet of reflection
HPRegen 1.18/turn                e - +4 ring of protection
MPRegen 0.13/turn                m - ring of protection from fire

@: no status effects
A: no striking features
a: Renounce Religion, Evoke Invisibility, Berserk, Trog's Hand, Brothers in Arms


You were on level 2 of the Lair of Beasts.
You worshipped Trog.
Trog was greatly pleased with you.
You visited 3 branches of the dungeon, and saw 14 of its levels.
You also visited: Sewer.

You collected 892 gold pieces.

Inventory:

Hand Weapons
 l - the +9 broad axe of Arrival (weapon) {distort, *Noise Str+3 Dex+2 SInv}
   (You acquired it on level 6 of the Dungeon)

   It warps and distorts space around it, and may blink, banish, or inflict
   extra damage upon those it strikes.
   Unwielding it can cause banishment or high damage.
   Str:       It affects your strength (+3).
   Dex:       It affects your dexterity (+2).
   SInv:      It lets you see invisible.
   *Noise:    It may make noises in combat.
Missiles
 t - a throwing net
Armour
 k - a scarf of invisibility (worn)
 B - a +0 troll leather armour (worn)
 E - a +0 kite shield (worn)
Jewellery
 e - a +4 ring of protection (left hand)
 g - an amulet of reflection (around neck)
 j - a ring of protection from cold
 m - a ring of protection from fire (right hand)
 n - a ring of resist corrosion
Wands
 a - a wand of polymorph (5)
 o - a wand of flame (5)
 s - a wand of charming (5)
 u - a wand of iceblast (2) (quivered)
 A - a wand of digging (3)
Scrolls
 c - a scroll of summoning
 p - 6 scrolls of teleportation
 q - 5 scrolls of identify
 v - a scroll of magic mapping
 w - 2 scrolls of brand weapon
 x - 3 scrolls of enchant weapon
Potions
 d - 4 potions of haste
 f - 7 potions of curing
 i - a potion of resistance
 r - 5 potions of berserk rage
 z - 2 potions of might
 C - a potion of cancellation
 D - a potion of flight
Miscellaneous
 h - a box of beasts (inert)


   Skills:
 + Level 11.9 Fighting
 + Level 12.5 Axes
 + Level 11.0 Armour
 + Level 10.9 Shields
 + Level 9.0 Evocations


You had 11 spell levels left.
You didn't know any spells.
Your spell library contained the following spells:

 Spells                   Type           Power      Damage    Failure   Level
 Kiss of Death            Conj/Necr      0%         2d5       71%         1
 Sandblast                Erth           0%         2d4       71%         1
 Passwall                 Tmut/Erth      0%         N/A       83%         2
 Scorch                   Fire           0%         2d5       83%         2
 Confusing Touch          Hex            0%         N/A       97%         3
 Gell's Gravitas          Tloc           0%         N/A       97%         3
 Ozocubu's Armour         Ice            0%         N/A       97%         3
 Stone Arrow              Conj/Erth      0%         3d7       97%         3
 Teleport Other           Tloc           0%         N/A       97%         3
 Dispel Undead            Necr           0%         3d6       100%        4
 Flame Wave               Conj/Fire      0%         2d4       100%        4
 Dispersal                Tloc           0%         N/A       100%        6
 Summon Cactus Giant      Summ           0%         N/A       100%        6
 Ozocubu's Refrigeration  Ice            0%         4d7       100%        7


Dungeon Overview and Level Annotations

Branches:
Dungeon (11/15)            Temple (1/1) D:7            Lair (2/5) D:11
    Orc (0/2) D:11          Sewer (visited)
  Swamp: Lair:2-3    Shoals: Lair:2-3     Snake: Lair:2-3    Spider: Lair:2-3

Altars:
Ashenzari
Cheibriados
Elyvilon
Gozag
Kikubaaqudgha
Makhleb
Nemelex Xobeh
Okawaru
Qazlal
Ru
Sif Muna
Trog
Uskayaw
Wu Jian
Xom
Yredelemnul

Shops:
D:10 *   D:11 *

Annotations:
Lair:1 exclusion: oklob plant
Lair:2 exclusion: ice statue
Abyss:1 Erolcha


Message History

You slice the ice beast!!
You kill the ice beast!
Trog accepts your kill.
Your Armour skill increases to level 11!
You start resting.
HP restored.
There is a fountain of sparkling water here.
You now have 892 gold pieces (gained 17).
You see here a +0 dagger.
You see here an ice dragon corpse.
Blink to where?
Press: ? - help, Dir - move target Really blink into a travel-excluded area?
Found 6 stones, 25 gold pieces and a thin jewelled staff.
As you read the scroll of blinking, it crumbles to dust.
You hit the ice statue but do no damage.
Space warps around the ice statue.
The ice statue is lightly damaged.
The ice statue gestures at you. The freezing blast engulfs you!!
You hit the ice statue.
Space warps around the ice statue!
The ice statue is lightly damaged.
You are engulfed in freezing vapours.
The ice statue gestures.
You hit the ice statue but do no damage.
Space warps horribly around the ice statue!
The ice statue is moderately damaged.
You are engulfed in freezing vapours.
You slash the ice statue!
Space warps around the ice statue.
The ice statue is heavily damaged.
You slash the ice beast!
The ice beast blinks!
You are engulfed in freezing vapours.
* * * LOW HITPOINT WARNING * * *
The ice statue gestures at you.
The shard of ice reflects off an invisible shield around you!
The shard of ice hits the ice statue!
The ice statue partially resists.
You slash the ice statue!
Space warps around the ice statue.
The ice statue is almost destroyed.
You are engulfed in freezing vapours.
You die...

≈~...≈~.≈≈...≈~
≈.|.≈~≈≈.~≈.≈.~
.≈≈≈≈≈≈≈≈≈≈≈≈≈.
.≈≈≈≈≈≈≈≈≈≈≈≈≈.
.≈≈≈≈≈≈≈≈≈≈≈≈≈.
.≈≈≈≈≈$($≈≈≈≈≈........##
.....≈≈≈≈°8°≈≈≈≈....#.....#
......≈≈≈≈°@○°≈≈≈....#......
.....≈≈≈≈≈○°○≈≈≈≈≈..........
.....≈≈≈≈≈≈≈≈≈≈≈≈≈..........
.....≈≈≈Y≈≈≈≈≈≈≈≈≈..........
.....~≈≈≈≈≈≈≈≈≈≈≈≈..........
...≈≈.~.≈≈~≈≈≈≈.≈.≈........#
...≈≈≈...≈≈≈~≈...~~≈.#......
...≈.~~.≈~≈.≈≈~.≈~~~.# #...#
..#.~~.~.≈...~.~≈.~..# P....


You could see an ice statue and an ice beast (summoned).

Vanquished Creatures
  A hydra (Lair:1)
  An ice dragon (Lair:2)
  A boulder beetle (D:11)
  Erica (D:8)
  The ghost of Encipher the Martial Artist, a journeyman OpTm of Sif Muna (D:9)
  A two-headed ogre (D:10)
  Pikel (D:7)
  A cyclops (D:6)
  Joseph (D:7)
  Maggie (D:9)
  3 komodo dragons (Lair:1)
  An unseen horror (D:11)
  3 cane toads
  5 trolls
  2 hornets
  Grinder (D:5)
  Sigmund (D:2)
  2 wyverns (Lair:2)
  13 yaks
  3 vampire mosquitoes (D:10)
  Menkaure (D:4)
  3 water moccasins
  An acid dragon (D:9)
  Pargi (Sewer)
  6 orc warriors
  2 sky beasts
  6 ice beasts (Lair:2)
  2 ogres
  4 black bears
  6 centaurs
  6 kobold brigands
  6 bullfrogs
  4 gnoll sergeants
  5 necrophages
  4 scorpions
  4 wights (D:9)
  12 killer bees
  5 howler monkeys
  3 hounds
  A gnoll bouda (D:7)
  9 orc priests
  4 hell rats
  2 iguanas (D:6)
  5 orc wizards
  12 gnolls
  8 adders
  18 river rats
  2 shadow imps
  5 white imps
  5 worms
  3 dart slugs
  44 orcs
  6 bats
  4 endoplasms
  7 goblins
  2 hobgoblins
  4 jackals (D:1)
  10 kobolds
  7 quokkas
  8 ball pythons
  2 frilled lizards
  21 rats
314 creatures vanquished.

Vanquished Creatures (collateral kills)
  Eustachio (D:4)
1 creature vanquished.

Vanquished Creatures (others)
  30 fungi
  29 plants
59 creatures vanquished.

Grand Total: 374 creatures vanquished

Notes
Turn   | Place    | Note
-------+----------+-------------------------------------------
     0 | D:1      | qeuew the Hill Orc Fighter began the quest for the Orb.
     0 | D:1      | Reached XP level 1. HP: 19/19 MP: 1/1
     7 | D:1      | Noticed a lindwurm
     7 | D:1      | Noticed a polar bear
     8 | D:1      | Noticed a snapping turtle
     8 | D:1      | Noticed a redback
   161 | D:1      | Reached XP level 2. HP: 27/27 MP: 2/2
   162 | D:1      | Reached skill level 3 in Axes
   406 | D:2      | Noticed Sigmund
   416 | D:2      | Killed Sigmund
   417 | D:2      | Reached skill level 4 in Axes
   417 | D:2      | Reached XP level 3. HP: 30/35 MP: 3/3
   417 | D:2      | Reached XP level 4. HP: 35/41 MP: 4/4
   417 | D:2      | Reached XP level 5. HP: 40/47 MP: 5/5
   470 | D:2      | Identified the +0 leather armour "Gyack" {rPois rCorr}
   888 | D:3      | Found a glowing drain.
   901 | D:3      | Reached skill level 5 in Fighting
   905 | Sewer    | Entered a sewer
   939 | Sewer    | Noticed Pargi
   969 | Sewer    | Killed Pargi
   970 | Sewer    | Reached XP level 6. HP: 21/56 MP: 6/6
  1482 | D:4      | Reached skill level 5 in Axes
  1496 | D:4      | Reached XP level 7. HP: 58/61 MP: 7/7
  1505 | D:4      | Reached skill level 5 in Armour
  1505 | D:4      | Reached skill level 1 in Evocations
  1715 | D:4      | Reached skill level 5 in Shields
  1796 | D:4      | Noticed Menkaure
  1811 | D:4      | Killed Menkaure
  1829 | D:4      | Noticed Eustachio
  1852 | D:4      | Killed Eustachio
  2197 | D:5      | Entered Level 5 of the Dungeon
  2215 | D:5      | Reached skill level 6 in Axes
  2215 | D:5      | Reached XP level 8. HP: 65/70 MP: 8/8
  2733 | D:5      | Noticed Grinder
  2743 | D:5      | Paralysed by Grinder for 4 turns
  2751 | D:5      | Killed Grinder
  2766 | D:5      | Reached skill level 7 in Axes
  3113 | D:5      | Reached XP level 9. HP: 64/79 MP: 9/9
  3547 | D:6      | Noticed a cyclops
  3557 | D:6      | Killed a cyclops
  3894 | D:6      | Reached skill level 8 in Axes
  4251 | D:6      | Identified a scroll of acquirement
  4251 | D:6      | Acquired the +9 broad axe of Arrival {distort, *Noise Str+3
                  | Dex+2 SInv}
  4279 | D:7      | Noticed Joseph
  4286 | D:7      | Killed Joseph
  4287 | D:7      | Reached skill level 5 in Evocations
  4533 | D:7      | Found a staircase to the Ecumenical Temple.
  4566 | Temple   | Entered the Ecumenical Temple
  4719 | Temple   | Became a worshipper of Trog the Wrathful
  4917 | D:7      | Reached XP level 10. HP: 90/90 MP: 10/10
  5119 | D:7      | Identified the +7 short sword of Action {venom, rPois rN+
                  | Str+3}
  5134 | D:7      | Noticed Pikel
  5139 | D:7      | Killed Pikel
  5140 | D:7      | Reached skill level 9 in Axes
  5158 | D:7      | Reached * piety under Trog
  5829 | D:8      | Noticed Erica
  5835 | D:8      | Killed Erica
  6188 | D:9      | Noticed Maggie
  6200 | D:9      | Killed Maggie
  6310 | D:9      | Reached skill level 10 in Axes
  6312 | D:9      | Reached ** piety under Trog
  6450 | D:9      | Reached XP level 11. HP: 76/99 MP: 11/11
  6669 | D:9      | Found a shimmering altar of Xom.
  6776 | D:9      | Found a runed translucent door.
  6776 | D:9      | Noticed Encipher's ghost (journeyman OpTm)
  6823 | D:9      | Reached skill level 10 in Fighting
  7398 | D:9      | Killed Encipher's ghost
  7410 | D:10     | Entered Level 10 of the Dungeon
  7712 | D:10     | Found Jyplit's Lightly-Used Armoury.
  7835 | D:10     | Noticed Erolcha
  7844 | D:10     | Banished Erolcha
  7859 | D:10     | Noticed a two-headed ogre
  7867 | D:10     | Killed a two-headed ogre
  7868 | D:10     | Reached skill level 11 in Axes
  7976 | D:11     | Noticed a white ugly thing
  7980 | D:11     | Banished a white ugly thing
  7982 | D:11     | Found a staircase to the Lair.
  8003 | D:11     | Reached *** piety under Trog
  8007 | D:11     | Noticed a boulder beetle
  8024 | D:11     | Killed a boulder beetle
  8025 | D:11     | Reached skill level 10 in Armour
  8025 | D:11     | Reached skill level 10 in Shields
  8139 | D:11     | Found an opulent altar of Gozag.
  8145 | D:11     | Reached XP level 12. HP: 96/110 MP: 12/12
  8149 | D:11     | Found Gozag's Platinum Reserve.
  8182 | D:11     | Found a staircase to the Orcish Mines.
  8197 | D:11     | HP: 7/165 [orc warrior/+0 dire flail (2)]
  8198 | D:11     | HP: 3/165 [troll (1)]
  8204 | D:11     | HP: 3/110 [yak (10)]
  8762 | Lair:1   | Entered Level 1 of the Lair of Beasts
  8926 | Lair:1   | Noticed a seven-headed hydra
  8938 | Lair:1   | Killed a seven-headed hydra
  8939 | Lair:1   | Reached skill level 12 in Axes
  9126 | Lair:1   | Reached **** piety under Trog
  9573 | Lair:2   | Noticed an ice dragon
  9582 | Lair:2   | Killed an ice dragon
  9718 | Lair:2   | Engulfed by an ice statue's freezing vapour

Illustrated notes

Levels and vault maps discovered:
D:1:      onia_arrival_zoo_common, layout_rooms
D:2:      layout_rooms, uniq_sigmund
D:3:      kennysheep_big_flooded_room, layout_rooms,
          cheibrodos_sewer_entry_sluice
D:4:      layout_cave_pools, uniq_eustachio, uniq_menkaure
D:5:      layout_loops_corners, st_stairs_14, minivault_11, uniq_grinder
D:6:      layout_basic, minmay_misc_feat_enclosed, kb_lookout_dungeons_type
D:7:      lemuel_ratsnest, layout_gridville, minmay_temple_entry_wispy,
          uniq_pikel, uniq_joseph
D:8:      layout_basic, uniq_erica
D:9:      layout_irregular_city, xom_butterflies, gammafunk_ghost_grave,
          uniq_maggie
D:10:     layout_cave_pools, serial_glass, glass_columns_a, glass_columns_a,
          minmay_shop_damaged, uniq_erolcha
D:11:     layout_long_grid, due_lair_maze_entry_diamond,
          kennysheep_orc_monster_closet_entryway,
          nicolae_gozag_zags_fifth_avenue
Temple:   mainiacjoe_temple_circle_huts
Lair:1:   minmay_lair_oklob_chamber, layout_long_grid, kennysheep_rathole
Lair:2:   layout_regular_city, spider_nest_entry_a, basic_altar, ice2_lemuel

Skill      XL: |  1  2  3  4  5  6  7  8  9 10 11 12 |
---------------+-------------------------------------+-----
Axes           | 4 5 6 7 8 10 11 12 | 12.5
Fighting       | 4 5 6 7 8 9 11 | 11.9
Armour         | 4 5 6 7 8 10 11 | 11.0
Shields        | 4 5 6 7 8 10 | 10.9
Evocations     | 2 3 5 6 8 9 |  9.0

Action                   |  1- 3 |  4- 6 |  7- 9 | 10-12 || total
-------------------------+-------+-------+-------+-------++-------
Melee: War axe           |    33 |   104 |   178 |       ||   315
       Broad axe         |       |       |    34 |   341 ||   375
Invok: Berserk           |       |       |       |     2 ||     2
       Trog's Hand       |       |       |       |     1 ||     1
Evoke: Box of beasts     |       |       |     1 |     1 ||     2
       Wand              |       |       |       |    10 ||    10
  Use: Potion            |       |     4 |     5 |       ||     9
       Scroll            |       |     4 |     5 |    12 ||    21
Armor: Scale mail        |    27 |    70 |    62 |    60 ||   219
       Troll leather arm |       |       |       |    48 ||    48
Dodge: Dodged            |    17 |    59 |    57 |   118 ||   251
Block: Buckler           |     9 |    64 |   100 |   188 ||   361
       Reflection        |       |       |     9 |    19 ||    28
       Kite shield       |       |       |       |    57 ||    57

Table legend: (Time is in decaauts)
 A = Elapsed time spent in this place.
 B = Non-inter-level travel time spent in this place.
 C = Inter-level travel time spent in this place.
 D = Time resting spent in this place.
 E = Time spent auto-exploring this place.
 F = Levels seen in this place.
 G = Mean time per level.
                   A        B        C        D        E       F      G
               +--------+--------+--------+--------+--------+-----+--------+
         Total |   9882 |   9574 |    308 |    241 |   7544 |  15 |  658.8 |
       Dungeon |   8631 |   8375 |    256 |    184 |   6721 |  11 |  784.6 |
        Temple |    165 |    146 |     19 |      0 |    131 |   1 |  165.0 |
          Lair |    966 |    934 |     32 |     57 |    677 |   2 |  483.0 |
         Sewer |    119 |    119 |      0 |      0 |     15 |   1 |  119.0 |
               +--------+--------+--------+--------+--------+-----+--------+

Top non-repeatable levels by time:
     D:9: 1258 daAuts
     D:5: 1188 daAuts
     D:7: 1061 daAuts
     D:6: 914 daAuts
     D:4: 780 daAuts
  Lair:1: 764 daAuts
    D:11: 731 daAuts
     D:8: 689 daAuts
    D:10: 641 daAuts
     D:2: 498 daAuts
     D:3: 493 daAuts
     D:1: 374 daAuts
  Lair:2: 201 daAuts
  Temple: 165 daAuts
   Sewer: 119 daAuts
